 Dungeon Crawl Stone Soup version 0.25.1-2-g60ff931df9 (webtiles) character file.

Game seed: 14674807132621404531

261 Curus the Slasher (level 5, -4/45 HPs)
             Began as a Minotaur Abyssal Knight on Sept 28, 2020.
             Was a Priest of Lugonu.
             Slain by an ogre
             ... wielding a +0 giant spiked club
              (18 damage)
             ... on level 5 of the Dungeon.
             The game lasted 00:17:42 (2243 turns).

Curus the Slasher (Minotaur Abyssal Knight)         Turns: 2243, Time: 00:17:43

Health: -4/45      AC:  6    Str: 17    XL:     5   Next: 96%
Magic:  16/16      EV: 10    Int:  9    God:    Lugonu [***...]
Gold:   187        SH:  0    Dex: 10    Spells: 4/4 levels left

rFire    . . .     SeeInvis .   l - +0 long sword
rCold    . . .     Gourm    .   (no shield)
rNeg     . . .     Faith    .   i - +1 ring mail (curse)
rPois    .         Spirit   .   (helmet restricted)
rElec    .         Reflect  .   (no cloak)
rCorr    .         Harm     .   (no gloves)
MR       .....                  (no boots)
Stlth    ..........             f - amulet of regeneration
HPRegen  0.55/turn              k - ring of magical power
MPRegen  0.15/turn              (no ring)

@: no status effects
A: retaliatory headbutt, horns 2
a: Depart the Abyss, Bend Space, Banish, Renounce Religion


You were on level 5 of the Dungeon.
You worshipped Lugonu.
Lugonu was most pleased with you.
You were not hungry.

You visited 1 branch of the dungeon, and saw 5 of its levels.
You visited the Abyss 1 time.

You collected 187 gold pieces.

Inventory:

Hand Weapons
 a - a +1 falchion
 l - a +0 long sword (weapon)
Armour
 b - a +1 leather armour
 h - a cursed +0 chain mail
 i - a cursed +1 ring mail (worn)
Jewellery
 f - an amulet of regeneration (around neck)
 k - a ring of magical power (left hand)
Scrolls
 e - a scroll of teleportation
 g - 2 scrolls of identify
Potions
 j - a potion of flight
Comestibles
 c - 7 rations
 d - 9 chunks of flesh


   Skills:
 - Level 3.6 Fighting
 + Level 5.6 Long Blades
 - Level 2.4 Armour
 - Level 1.1 Dodging
 + Level 4.5 Invocations


You had 4 spell levels left.
You didn't know any spells.
Your spell library was empty.

Dungeon Overview and Level Annotations

Branches:
Dungeon (6/15)
 Temple: D:4-7

Altars:
Fedhas
Hepliaklqana
Sif Muna

Portals:
Sewer: D:6


Innate Abilities, Weirdness & Mutations

You reflexively headbutt those who attack you in melee.
You have a pair of horns on your head.


Message History

The ogre is moderately wounded.
You closely miss the ogre.
The ogre is moderately wounded.
The ogre hits you with a +0 giant spiked club!!
Ouch! That really hurt!
* * * LOW HITPOINT WARNING * * *
The jackal skeleton bites you but does no damage.
Unknown command.
The jackal skeleton barely misses you. The jackal skeleton barely misses you.
Some of the chunks of flesh in your inventory have rotted away.
There is a stone staircase leading up here.
You climb upwards.
Found 2 potions of curing.
There is a stone staircase leading down here.
Press: ? - help, Shift-Dir - straight line, f - ogre
Aim: an ogre, wielding a +0 giant spiked club (moderately wounded, chance to defeat MR: 83%)
You fail to use your ability.
The ogre hits you with a +0 giant spiked club!!
You die...

#.#
#.#
#.#
#.#
##.##
...
#.#
#@#
#O#
...
#!###
#. #.
#. ##


You could see an ogre.

Vanquished Creatures
  A howler monkey (D:6)
  2 hounds (D:6)
  A worker ant (D:6)
  3 gnolls
  3 adders
  An ooze (D:3)
  3 dart slugs
  A leopard gecko (D:6)
  4 orcs (D:6)
  2 ball pythons
  3 giant cockroaches
  4 goblins
  9 hobgoblins
  3 jackals
  A quokka (D:2)
  12 bats
  4 frilled lizards (D:1)
  7 kobolds
  5 rats
69 creatures vanquished.

Notes
Turn   | Place    | Note
-------+----------+-------------------------------------------
     0 | Abyss:1  | Curus the Minotaur Abyssal Knight began the quest for the
                  | Orb.
     0 | Abyss:1  | Reached XP level 1. HP: 19/19 MP: 1/1
    11 | D:1      | Escaped the Abyss
   256 | D:1      | Reached XP level 2. HP: 25/26 MP: 2/2
   273 | D:1      | Reached skill level 3 in Long Blades
   329 | D:1      | Reached XP level 3. HP: 5/31 MP: 2/4
   430 | D:1      | Reached ** piety under Lugonu
  1245 | D:2      | Found a shimmering blue altar of Sif Muna.
  1250 | D:2      | Reached skill level 4 in Long Blades
  1571 | D:2      | Reached XP level 4. HP: 39/39 MP: 5/5
  1696 | D:2      | Found a blossoming altar of Fedhas.
  1758 | D:3      | Reached *** piety under Lugonu
  1888 | D:3      | You fall into a shaft and drop 3 floors!
  1888 | D:6      | Found a blossoming altar of Fedhas.
  1899 | D:6      | Noticed a sky beast
  1919 | D:6      | Reached XP level 5. HP: 11/45 MP: 5/7
  1923 | D:6      | Noticed an ogre
  1926 | D:6      | Reached skill level 5 in Long Blades
  2163 | D:6      | Found a hazy altar of Hepliaklqana.
  2223 | D:6      | Found a glowing drain.
  2242 | D:5      | Entered Level 5 of the Dungeon
  2243 | D:5      | Slain by an ogre

Illustrated notes

Levels and vault maps discovered:
D:1:      eino_arrival_druids_welcome, layout_loops_ring
D:2:      layout_rooms, overflow_temple_1_default, fedhas_altar_fruit_tree
D:3:      layout_basic, lemuel_coloured_pillars_altar,
          nicolae_overflow_hidden_temple, fountainhead, minmay_stone_trees_small
D:5:      layout_loops_ring, grunt_temple_overflow_open, serial_shops, shop,
          nicolae_shop_crystal, kennysheep_mini, shop, nicolae_shop_trees,
          first_ration, basic_altar
D:6:      layout_gridville, lemuel_doored_altar, lemuel_crystal_altar,
          cheibrodos_sewer_entry_drain, grunt_decor_mini_mirrors, uniq_eustachio

Skill      XL: |  1  2  3  4  5 |
---------------+----------------+-----
Invocations    | 2 3 4 |  4.5
Long Blades    | 3 4 5 |  5.6
Fighting       | |  3.6
Armour         | |  2.4
Dodging        | |  1.1

Action                   |  1- 3 |  4- 6 || total
-------------------------+-------+-------++-------
Melee: Falchion          |    97 |    16 ||   113
       Headbutt          |    12 |    15 ||    27
       Long sword        |       |    60 ||    60
  Use: Scroll            |     3 |     3 ||     6
       Potion            |     3 |     1 ||     4
  Eat: Chunk             |     2 |     2 ||     4
Armor: Leather armour    |    21 |       ||    21
       Ring mail         |     3 |    34 ||    37
Dodge: Dodged            |    48 |    55 ||   103
       Rpst.: Falchion   |    10 |     5 ||    15
       Long sword        |       |    12 ||    12
